 Dungeon Crawl Stone Soup version 0.31-a0-455-g1a7b003ef0 (webtiles) character file.

Game seed: 15486554419841149111

2210 ytrimaz the Mimic (level 9, -3/78 (79) HPs)
             Began as an Octopode Shapeshifter on Aug 4, 2023.
             Was an Initiate of Ashenzari.
             Slain by a killer bee (7 damage)
             ... on level 9 of the Dungeon.
             The game lasted 00:08:20 (6928 turns).

ytrimaz the Mimic (Octopode Shapeshifter)           Turns: 6928, Time: 00:08:20

HP:   -3/78 (79)    AC: 24    Str: 16 (19) XL:     9   Next: 35%
MP:   9/9           EV:  2    Int:  7 (10) God:    Ashenzari [......]
Gold: 409           SH:  0    Dex:  9 (12) Spells: 8/8 levels left

rFire   + .          .
                       - Unarmed
rCold   . . .        (no shield)
rNeg    . . .        (helmet currently unavailable)
rPois   +            h - amulet of the acrobat
rElec   .            e - ring of poison resistance
rCorr   .            s - ring of protection from fire
SInv    .            (no ring)
Will    .....        (no ring)
Stlth   +            (no ring)
HPRegen 0.33/turn    (no ring)
MPRegen 0.11/turn    (no ring)
                     (no ring)

%: acrobat
@: lethally poisoned (-3 -> -7), tree-form, lightly drained
A: stationary, stasis, torment immunity, boosted hp, almost no armour,
(amphibious), 8 rings, (camouflage 1), (gelatinous body 1), (nimble swimmer 1),
(tentacles)
a: Renounce Religion


You were on level 9 of the Dungeon.
You worshipped Ashenzari.
Ashenzari was noncommittal.
You were a tree.
You visited 2 branches of the dungeon, and saw 10 of its levels.
You also visited: Ossuary.

You collected 409 gold pieces.


Innate Abilities, Weirdness & Mutations

You are a tree.
Your roots penetrate the ground, keeping you stationary.
You cannot be teleported.
You are immune to unholy pain and torment.
Your maximum health is greatly increased.
You cannot wear most types of armour.
((You are amphibious.))
You can wear up to eight rings at the same time.
((Your skin changes colour to match your surroundings (Stealth+).))
((Your rubbery body absorbs attacks. (AC +1, EV +1)))
((You are camouflaged when in or above water. (Stealth+)))
((You have tentacles for arms and can constrict up to eight enemies at once.))


   Skills:
 - Level 1.0 Fighting
 + Level 5.9 Dodging
 + Level 6.8 Unarmed Combat
 * Level 8.0 Shapeshifting


You had 8 spell levels left.
You didn't know any spells.
Your spell library contained the following spells:

 Spells                   Type           Power      Damage    Failure   Level
 Apportation              Tloc           0%         N/A       43%         1
 Necrotise                Necr           0%         1d4       43%         1
 Summon Small Mammal      Summ           0%         N/A       43%         1
 Call Canine Familiar     Summ           0%         N/A       80%         3
 Portal Projectile        Hex/Tloc       0%         N/A       80%         3
 Summon Guardian Golem    Hex/Summ       0%         N/A       80%         3
 Vampiric Draining        Necr           0%         2d6       80%         3
 Leda's Liquefaction      Hex/Erth       0%         N/A       99%         4
 Alistair's Intoxication  Tmut/Pois      0%         N/A       100%        5
 Infestation              Necr           0%         N/A       100%        8

Inventory:

Jewellery
 e - a ring of poison resistance (left branch)
   (You found it on level 3 of the Dungeon)
 h - an amulet of the acrobat (around neck)
   (You found it on level 2 of the Dungeon)
 s - a ring of protection from fire (right branch)
   (You found it in an ossuary)
Talismans
 b - a beast talisman
Wands
 v - a wand of digging (6)
   (You found it on level 5 of the Dungeon)
 w - a wand of roots (13)
   (You found it on level 6 of the Dungeon)
 z - a wand of acid (5) (quivered)
   (You found it on level 7 of the Dungeon)
Scrolls
 j - 2 scrolls of teleportation
 k - 3 scrolls of vulnerability
 l - a scroll of fog
 m - 3 scrolls of poison
 r - a scroll of blinking
 u - a scroll of fear
Potions
 a - 2 potions of cancellation
 c - 2 potions of degeneration
 d - 3 potions of ambrosia
 f - 4 potions of curing
 g - 3 potions of magic {unknown}
 i - 4 potions of heal wounds {unknown}
 n - a potion of enlightenment {unknown}
 o - a potion of resistance {unknown}
 p - a potion of invisibility {unknown}
 q - a potion of lignification
 t - a potion of berserk rage {unknown}
 x - a potion of mutation {unknown}
 A - a potion of haste {unknown}

Dungeon Overview and Level Annotations

Branches:
Dungeon (10/15) Zot: 26758  Temple (1/1) D:7 Zot: 5887 Ossuary (visited)
   Lair: D:8-11         Orc: D:9-12

Altars:
Ashenzari
Cheibriados
Elyvilon
Fedhas
Gozag
Hepliaklqana
Kikubaaqudgha
Makhleb
Nemelex Xobeh
Okawaru
Qazlal
Ru
Sif Muna
Trog
Uskayaw
Vehumet
Wu Jian
Xom
Yredelemnul
Zin
The Shining One

Shops:
D:4 =   D:5 (

Annotations:
D:3 exclusion: oklob plant
D:9 Psyche

* *,,,,,*,,,,*,,,,,,,,,,,,,,,,* *
*,,,,,*,,,,#........,,,,,,,,* *
*,,,,.######........,,,,,,,,, *
*,,,,...............,,,****** *
*,,,,...............,,,*
*****,,,,,,.............,,,*
,,,,,,,,<,,,,...........,,,*
,,,,,,,,,,****#yyy......,,,******
,*******,,* #.♣#****,,,,,,>,,,,
**,,,,,+,,* #..#,,,+,,,,,,,,,,,
,,,,,,,*,,* #..#,,,****,,,,,,,,
,,,,,,,+..# #..#,,,,,,*,,,*****
,,,,,,,#..#####..#,,,,,,*,,,*
,,,,,,,#.........#,,,,,,*,,,*
,#######.........#,,,,,,*,,,*
,#...............+,,,,,,*,,,*****
##...............#,,,,,,*,,,,,,,,


You could see 3 killer bees.


Message History

😕 HP[-5]
You take 5 damage, and now have 71/76 hp.
You barely miss the killer bee.
You feel sick.
The killer bee stings you but does no damage.
You smack the killer bee!
You kill the killer bee!
You feel sick.
The killer bee stings you but does no damage. x2 😕 HP[-3]
You now have 78 max hp (+2).
You take 3 damage, and now have 68/78 hp.
You hit the killer bee.
You feel sick.
The killer bee stings you but does no damage. x3
The killer bee stings you. x2
The killer bee stings you but does no damage. 😕 HP[-3]
You take 3 damage, and now have 65/78 hp.
You miss the killer bee.
You feel sick.
The killer bee stings you but does no damage. x6
You miss the killer bee.
You feel sick.
The killer bee stings you but does no damage. x5
The killer bee stings you.
You are more poisoned.
The killer bee poisons you!
You closely miss the killer bee.
You feel sick.
The killer bee stings you but does no damage. x3 😕 HP[-5]
You take 5 damage, and now have 60/78 hp.
You barely miss the killer bee.
You feel sick.
The killer bee stings you but does no damage. x2
The killer bee stings you.
You are more poisoned.
The killer bee poisons you!
The killer bee stings you but does no damage. x3 😮 HP[-4]
You take 4 damage, and now have 56/78 hp.
You hit the killer bee.
You feel very sick.
The killer bee stings you but does no damage.
The killer bee stings you.
The killer bee stings you but does no damage. x2
The killer bee barely misses you.
The killer bee stings you but does no damage. 😮 HP[-5]
You take 5 damage, and now have 51/78 hp.
You completely miss the killer bee.
You feel sick.
The killer bee stings you but does no damage.
The killer bee barely misses you. The killer bee stings you.
The killer bee barely misses you. The killer bee stings you.
The killer bee stings you but does no damage. 😮 HP[-8]
You take 8 damage, and now have 43/78 hp.
Unknown command.
You miss the killer bee.
You feel very sick.
The killer bee stings you but does no damage.
The killer bee stings you.
* * * LOW HITPOINT WARNING * * *
The killer bee stings you.
* * * LOW HITPOINT WARNING * * *
😨 HP[-7]
You take 7 damage, and now have 36/78 hp.
You completely miss the killer bee.
You feel sick. The killer bee stings you.
* * * LOW HITPOINT WARNING * * *
The killer bee stings you but does no damage. x3
The killer bee stings you.
* * * LOW HITPOINT WARNING * * *
The killer bee stings you.
* * * LOW HITPOINT WARNING * * *
😨 HP[-14]
You take 14 damage, and now have 22/78 hp.
You hit the killer bee.
You feel sick.
The killer bee stings you but does no damage. x2
The killer bee stings you.
* * * LOW HITPOINT WARNING * * *
The killer bee stings you but does no damage.
The killer bee stings you.
* * * LOW HITPOINT WARNING * * *
The killer bee stings you but does no damage. 😱 HP[-5]
You take 5 damage, and now have 17/78 hp.
You closely miss the killer bee.
You feel sick.
The killer bee stings you but does no damage.
The killer bee stings you.
* * * LOW HITPOINT WARNING * * *
The killer bee stings you but does no damage. x2
The killer bee completely misses you. The killer bee stings you.
* * * LOW HITPOINT WARNING * * *
Unknown command. 😱 HP[-8]
You take 8 damage, and now have 9/78 hp.
Unknown command.
It was a potion of degeneration.
There was something very wrong with that liquid.
You feel weakened.
You feel dopey.
You feel clumsy.
You feel sick. The killer bee stings you.
* * * LOW HITPOINT WARNING * * *
The killer bee stings you but does no damage. x2
The killer bee stings you!
You die...

Skill      XL: |  1  2  3  4  5  6  7  8  9 |
---------------+----------------------------+-----
Shapeshifting  | 4 5 6 7 8 |  8.0
Unarmed Combat | 4 5 6 |  6.8
Dodging        | 3 4 5 |  5.9
Fighting       | |  1.0

Action                     |  1- 3 |  4- 6 |  7- 9 || total
---------------------------+-------+-------+-------++-------
  Melee: Unarmed           |    46 |   127 |   203 ||   376
         Constrict         |    14 |    17 |    47 ||    78
         Tentacles         |     4 |    19 |    44 ||    67
         Punch             |       |     7 |     9 ||    16
  Evoke: Wand              |       |       |     3 ||     3
    Use: Potion            |       |     3 |     8 ||    11
         Scroll            |       |     8 |     5 ||    13
   Stab: Sleeping          |     6 |     6 |    14 ||    26
         Distracted        |       |     1 |       ||     1
 Armour: Skin              |     2 |    91 |    72 ||   165
  Dodge: Dodged            |    34 |    92 |   127 ||   253

Levels and vault maps discovered:
D:1:      lightli_arrival_chessboard, layout_loops_ring,
          shapermc_ecumenical_altar_flowoftime, minmay_misc_feat_doors,
          minmay_lizard_pond
D:2:      layout_basic, uniq_natasha, uniq_jessica
D:3:      layout_basic, nemelex_diamond_rough_becter, tgw_fedhas,
          eino_tiny_chamber
D:4:      layout_rooms, serial_shops, nicolae_shop_hallway_stairs
D:5:      layout_basic, serial_shops, shop, nicolae_ossuary_entry_giza
D:6:      layout_loops_corners, serial_bayou_crossing
D:7:      layout_loops_ring, marbit_many_paths, lemuel_temple_firewalk_b,
          st_stairs_11, due_unseen_surprise
D:9:      layout_irregular_city, serial_shops,
          nicolae_shop_competitors_out_of_business, enter_bailey_3,
          nicolae_shop_i_like_big_books, uniq_psyche
D:10:     layout_loops_ring, amcnicky_altar_gilded, dpeg_oklobed_lair,
          gammafunk_ghost_ooze, uniq_erolcha
Temple:   dpeg_five_rooms_temple

Notes
Turn   | Place    | Note
-------+----------+-------------------------------------------
     0 | D:1      | ytrimaz the Octopode Shapeshifter began the quest for the
                  | Orb.
     0 | D:1      | Reached XP level 1. HP: 13/13 MP: 1/1
     0 | D:1      | magus.rc [v1.9.6]
    70 | D:1      | Reached XP level 2. HP: 18/18 MP: 2/2
   344 | D:1      | Reached XP level 3. HP: 23/23 MP: 3/3
   416 | D:1      | Found a faded altar of an unknown god.
   880 | D:2      | Noticed Jessica
   888 | D:2      | Killed Jessica
   889 | D:2      | Reached XP level 4. HP: 27/28 MP: 4/4
   913 | D:2      | Noticed Natasha
   923 | D:2      | Killed Natasha
   924 | D:2      | Reached skill level 4 in Shapeshifting
  1055 | D:2      | Noticed Natasha
  1061 | D:2      | Killed Natasha
  1062 | D:2      | Reached skill level 4 in Unarmed Combat
  1062 | D:2      | Reached XP level 5. HP: 33/33 MP: 5/5
  1450 | D:3      | You pick up a book of Party Tricks and begin reading...
  1450 | D:3      | You add the spells Apportation and Alistair's Intoxication
                  | to your library.
  1518 | D:3      | Found a sparkling altar of Nemelex Xobeh.
  2013 | D:3      | Found a blossoming altar of Fedhas.
  2034 | D:3      | Noticed an oklob plant
  2225 | D:4      | You pick up a book of the Hunter and begin reading...
  2225 | D:4      | You add the spells Call Canine Familiar, Portal Projectile
                  | and Leda's Liquefaction to your library.
  2264 | D:4      | Found the +4 robe of Augmentation {Str+4 Int+4 Dex+4}
  2291 | D:4      | Reached XP level 6. HP: 29/38 MP: 6/6
  2733 | D:4      | Found Fyuskif's Jewellery Boutique.
  2811 | D:5      | Entered Level 5 of the Dungeon
  2811 | D:5      | Found Raufocwoh's Weapon Boutique.
  2819 | D:5      | Reached skill level 5 in Shapeshifting
  2912 | D:5      | HP: 13/57 [orc priest/+0 whip (2)]
  2915 | D:5      | Reached skill level 3 in Dodging
  2922 | D:5      | HP: 11/57 [dart slug/slug dart (3)]
  2927 | D:5      | HP: 10/57 [something/puff of flame (2)]
  3037 | D:5      | Reached XP level 7. HP: 35/43 MP: 7/7
  3068 | D:5      | Found a sand-covered staircase.
  3074 | Ossuary  | Entered an ossuary
  3389 | Ossuary  | Reached skill level 5 in Unarmed Combat
  3397 | Ossuary  | HP: 10/43 [ogre zombie (5)]
  3820 | D:5      | Reached skill level 4 in Dodging
  3820 | D:5      | Reached skill level 6 in Shapeshifting
  4210 | D:5      | Reached XP level 8. HP: 43/48 MP: 8/8
  4981 | D:6      | You pick up a book of Callings and begin reading...
  4981 | D:6      | You add the spells Summon Small Mammal and Summon Guardian
                  | Golem to your library.
  5467 | D:6      | Reached skill level 6 in Unarmed Combat
  5694 | D:6      | Reached skill level 5 in Dodging
  5694 | D:6      | Reached skill level 7 in Shapeshifting
  5905 | D:7      | Reached XP level 9. HP: 20/53 MP: 9/9
  6038 | D:7      | You add the spells Necrotise, Vampiric Draining and
                  | Infestation to your library.
  6038 | D:7      | Got Queg's Catalogue of Unholy Spells
  6200 | D:7      | Found a staircase to the Ecumenical Temple.
  6209 | Temple   | Entered the Ecumenical Temple
  6269 | Temple   | Became a worshipper of Ashenzari the Shackled
  6560 | D:7      | You fall into a shaft and drop 3 floors!
  6560 | D:10     | Entered Level 10 of the Dungeon
  6560 | D:10     | Found a glowing golden altar of the Shining One.
  6713 | D:9      | Noticed a hornet
  6721 | D:9      | HP: 18/79 [poisoned by a hornet]
  6723 | D:9      | Paralysed by a hornet for 2 turns
  6728 | D:9      | Killed a hornet
  6730 | D:9      | HP: 19/76 [wight/+0 falchion (3)]
  6734 | D:9      | Reached skill level 8 in Shapeshifting
  6900 | D:9      | Noticed Psyche
  6926 | D:9      | HP: 19/78 [killer bee (1)]
  6927 | D:9      | HP: 9/78 [killer bee (3)]
  6928 | D:9      | HP: 4/78 [killer bee (5)]
  6928 | D:9      | Slain by a killer bee

Vanquished Creatures
  A hornet (D:9)
  A vampire mosquito (D:10)
  A water moccasin (D:6)
  A sky beast (D:7)
  An ogre (D:6)
  2 centaurs (D:6)
  2 phantoms
  A bullfrog (D:7)
  A scorpion (D:6)
  2 wights (D:9)
  A killer bee (D:9)
  A howler monkey (D:10)
  3 orc priests (D:5)
  A centaur zombie (Ossuary)
  2 jellies
  3 hounds
  3 sleepcaps
  Jessica (D:2)
  2 iguanas
  3 orc wizards
  Natasha (twice) (D:2)
  4 ogre zombies (Ossuary)
  8 mummies
  4 gnolls (D:4)
  9 adders
  A white imp (D:7)
  2 ufetubi (D:5)
  3 adder zombies (Ossuary)
  A worm (D:2)
  4 dart slugs
  19 orcs
  7 endoplasms
  2 giant cockroaches
  A gnoll zombie (Ossuary)
  5 goblins
  5 hobgoblins
  17 jackals
  5 quokkas
  7 ball pythons
  6 bats
  6 frilled lizards
  6 goblin zombies (Ossuary)
  3 hobgoblin zombies
  A kobold (D:1)
  5 kobold zombies
  4 quokka zombies (Ossuary)
  2 rats (D:1)
  5 rat zombies (Ossuary)
177 creatures vanquished.

Table legend:
 A = Non-vault XP
 B = Vault XP
 C = Vault XP percentage of total XP
 D = Non-vault monster count
 E = Vault monster count
 F = Vault count percentage of total count
                 A         B        C        D         E       F
            +---------+---------+-------+---------+---------+-------
      Total |    2572 |     586 |  18.6 |     128 |      49 |  27.7
            +---------+---------+-------+---------+---------+-------
        D:1 |      41 |       4 |   8.9 |      23 |       4 |  14.8
        D:2 |      81 |      72 |  47.1 |      18 |       2 |  10.0
        D:3 |      19 |       0 |   0.0 |       9 |       0 |   0.0
        D:4 |     180 |       0 |   0.0 |      29 |       0 |   0.0
        D:5 |     512 |      20 |   3.8 |      22 |       3 |  12.0
        D:6 |     773 |       0 |   0.0 |      17 |       0 |   0.0
        D:7 |     274 |     175 |  39.0 |       4 |       3 |  42.9
        D:9 |     478 |       0 |   0.0 |       4 |       0 |   0.0
       D:10 |     214 |       0 |   0.0 |       2 |       0 |   0.0
    Ossuary |       0 |     315 | 100.0 |       0 |      37 | 100.0
            +---------+---------+-------+---------+---------+-------

Skill      XL: |  1  2  3  4  5  6  7  8  9 |
---------------+----------------------------+-----
Shapeshifting  | 4 5 6 7 8 |  8.0
Unarmed Combat | 4 5 6 |  6.8
Dodging        | 3 4 5 |  5.9
Fighting       | |  1.0

Action                     |  1- 3 |  4- 6 |  7- 9 || total
---------------------------+-------+-------+-------++-------
  Melee: Unarmed           |    46 |   127 |   203 ||   376
         Constrict         |    14 |    17 |    47 ||    78
         Tentacles         |     4 |    19 |    44 ||    67
         Punch             |       |     7 |     9 ||    16
  Evoke: Wand              |       |       |     3 ||     3
    Use: Potion            |       |     3 |     8 ||    11
         Scroll            |       |     8 |     5 ||    13
   Stab: Sleeping          |     6 |     6 |    14 ||    26
         Distracted        |       |     1 |       ||     1
 Armour: Skin              |     2 |    91 |    72 ||   165
  Dodge: Dodged            |    34 |    92 |   127 ||   253

Illustrated notes

Table legend:
 A = Kills in this place as a percentage of kills in the entire game.
 B = Kills by you in this place as a percentage of kills by you in the entire game.
 C = Kills by friends in this place as a percentage of kills by friends in the entire game.
 D = Other kills in this place as a percentage of other kills in the entire game.
 E = Experience gained in this place as a percentage of experience gained in the entire game.
 F = Experience gained in this place divided by the number of levels of this place that you have seen.
                   A       B       C       D       E      F
               +-------+-------+-------+-------+-------+----------------------
         Total | 100.0 | 100.0 |   N/A |   N/A | 100.0 | 287.1
       Dungeon |  79.1 |  79.1 |   N/A |   N/A |  90.0 | 315.9
       Ossuary |  20.9 |  20.9 |   N/A |   N/A |  10.0 | 315.0
               +-------+-------+-------+-------+-------+----------------------

Table legend: (Time is in decaauts)
 A = Elapsed time spent in this place.
 B = Non-inter-level travel time spent in this place.
 C = Inter-level travel time spent in this place.
 D = Time resting spent in this place.
 E = Time spent auto-exploring this place.
 F = Levels seen in this place.
 G = Mean time per level.
                   A        B        C        D        E       F      G
               +--------+--------+--------+--------+--------+-----+--------+
         Total |   6892 |   6610 |    282 |    367 |   5049 |  11 |  626.5 |
       Dungeon |   6117 |   5942 |    175 |    177 |   4774 |   9 |  679.7 |
        Temple |    112 |      5 |    107 |      0 |      0 |   1 |  112.0 |
       Ossuary |    662 |    662 |      0 |    190 |    275 |   1 |  662.0 |
               +--------+--------+--------+--------+--------+-----+--------+

Top non-repeatable levels by time:
     D:6: 1499 daAuts
     D:5: 868 daAuts
     D:3: 786 daAuts
     D:1: 737 daAuts
     D:4: 674 daAuts
 Ossuary: 662 daAuts
     D:2: 602 daAuts
     D:7: 584 daAuts
     D:9: 240 daAuts
    D:10: 124 daAuts
  Temple: 112 daAuts
